NYP
BROOKLYN CYCLONES @ MAHONING VALLEY SCRAPPERS
07/30/2099
 
TOP OF THE 1ST
Brooklyn Cyclones batting - Pitching for Mahoning Valley Scrappers : RHP Kevin Peterson
Pitching: RHP Kevin Peterson
Batting: LHB Lião Monts 0-0: Called Strike
0-1: Ball
1-1: Foul Ball, location: 7LMF
1-2: Foul Ball, location: 7LDF
1-2: Fly out, F9 (Flyball, 9, EV 91.9 MPH)
Batting: LHB Alejandro Robles 0-0: Foul Ball, location: 2F
0-1: Foul Ball, location: 7LMF
0-2: Foul Ball, location: 2RF
0-2: Ball
1-2: Foul Ball, location: 25F
1-2: DOUBLE (Flyball, 7LD, EV 91.9 MPH)
Batting: LHB Josh Wiley 0-0: Ball
1-0: Foul Ball, location: 7LSF
1-1: Called Strike
1-2: Ball
2-2: Ground out 4-3 (Groundball, 4, EV 85.0 MPH)
Alejandro Robles to third
Batting: LHB Mike McCrimmon 0-0: Called Strike
0-1: Ball
1-1: Ball
2-1: Foul Ball, location: 2F
2-2: Strikes out looking
Top of the 1st over - 0 runs, 1 hit, 0 errors, 1 left on base; Brooklyn 0 - Mahoning Valley 0
BOTTOM OF THE 1ST
Mahoning Valley Scrappers batting - Pitching for Brooklyn Cyclones : RHP Ricardo Guzman
Pitching: RHP Ricardo Guzman
Batting: SHB Scott Durfee 0-0: Ball
1-0: Ball
2-0: Foul Ball, location: 2F
2-1: Foul Ball, location: 7LMFF
2-2: Ball
3-2: Strikes out swinging
Batting: LHB Juan Villegas 0-0: Fly out, F9 (Flyball, 9LM, EV 101.3 MPH)
Batting: RHB Ed Donohue 0-0: Ball
1-0: Called Strike
1-1: Fly out, F5 (Popup, 56S, EV 83.8 MPH)
Bottom of the 1st over - 0 runs, 0 hits, 0 errors, 0 left on base; Brooklyn 0 - Mahoning Valley 0
TOP OF THE 2ND
Brooklyn Cyclones batting - Pitching for Mahoning Valley Scrappers : RHP Kevin Peterson
Batting: LHB Adam Jensen 0-0: Called Strike
0-1: Called Strike
0-2: Ball
1-2: Foul Ball, location: 23F
1-2: Foul Ball, location: 7LMF
1-2: Strikes out swinging
Batting: SHB Mike Gayle 0-0: Called Strike
0-1: Swinging Strike
0-2: Ball
1-2: Ball
2-2: Ball
3-2: Strikes out swinging
Batting: RHB Chris Almodovar 0-0: Ball
1-0: Called Strike
1-1: Ball
2-1: Ball
3-1: Foul Ball, location: 2F
3-2: Base on Balls
Batting: RHB Alberto Jasso 0-0: Ball
1-0: Swinging Strike
1-1: Ball
2-1: Fly out, F3 (Popup, 34S, EV 80.6 MPH)
Top of the 2nd over - 0 runs, 0 hits, 0 errors, 1 left on base; Brooklyn 0 - Mahoning Valley 0
BOTTOM OF THE 2ND
Mahoning Valley Scrappers batting - Pitching for Brooklyn Cyclones : RHP Ricardo Guzman
Batting: LHB Nelson Preciado 0-0: Foul Ball, location: 2F
0-1: Foul Ball, location: 5DF
0-2: Fly out, F9 (Flyball, 9, EV 86.3 MPH)
Batting: RHB Felix Sandino 0-0: Ball
1-0: Foul Ball, location: 2RF
1-1: Foul Ball, location: 23F
1-2: Ball
2-2: Foul Ball, location: 23F
2-2: Ball
3-2: Foul Ball, location: 2F
3-2: Fly out, F7 (Flyball, 78S, EV 90.6 MPH)
Batting: LHB Mark Grahn 0-0: Ball
1-0: Ball
2-0: Foul Ball, location: 2F
2-1: Swinging Strike
2-2: Strikes out swinging
Bottom of the 2nd over - 0 runs, 0 hits, 0 errors, 0 left on base; Brooklyn 0 - Mahoning Valley 0
TOP OF THE 3RD
Brooklyn Cyclones batting - Pitching for Mahoning Valley Scrappers : RHP Kevin Peterson
Batting: RHB Kayden Jackson 0-0: Swinging Strike
0-1: Ball
1-1: Called Strike
1-2: Strikes out swinging
Batting: LHB Lião Monts 0-0: Foul Ball, location: 7LMF
0-1: Fly out, F5 (Popup, 56S, EV 71.3 MPH)
Batting: LHB Alejandro Robles 0-0: Foul Ball, location: 2F
0-1: Swinging Strike
0-2: Foul Ball, location: 7LSF
0-2: Strikes out looking
Top of the 3rd over - 0 runs, 0 hits, 0 errors, 0 left on base; Brooklyn 0 - Mahoning Valley 0
BOTTOM OF THE 3RD
Mahoning Valley Scrappers batting - Pitching for Brooklyn Cyclones : RHP Ricardo Guzman
Batting: LHB Jason Nitzel 0-0: Called Strike
0-1: Ball
1-1: Foul Ball, location: 5F
1-2: Foul Ball, location: 2F
1-2: Foul Ball, location: 5F
1-2: Strikes out swinging
Batting: RHB Nick Barry 0-0: Called Strike
0-1: Swinging Strike
0-2: Foul Ball, location: 3FF
0-2: Ball
1-2: Strikes out swinging
Batting: LHB Ken Stout 0-0: Called Strike
0-1: DOUBLE (Line Drive, 5D, EV 70.6 MPH)
Batting: SHB Scott Durfee 0-0: Foul Ball, location: 7LSF
0-1: Called Strike
0-2: Fly out, F5 (Popup, 5F, EV 75.0 MPH)
Bottom of the 3rd over - 0 runs, 1 hit, 0 errors, 1 left on base; Brooklyn 0 - Mahoning Valley 0
TOP OF THE 4TH
Brooklyn Cyclones batting - Pitching for Mahoning Valley Scrappers : RHP Kevin Peterson
Batting: LHB Josh Wiley 0-0: Called Strike
0-1: Called Strike
0-2: Ball
1-2: DOUBLE (Flyball, 8RXD, EV 104.4 MPH)
Batting: LHB Mike McCrimmon 0-0: Ball
1-0: Called Strike
1-1: Ball
2-1: Swinging Strike
2-2: Ball
3-2: Ground out 4-3 (Groundball, 4, EV 84.4 MPH)
Josh Wiley to third
Batting: LHB Adam Jensen 0-0: Fly out, F6 (Popup, 6M, EV 69.4 MPH)
Batting: SHB Mike Gayle 0-0: Ball
1-0: Fly out, F8 (Flyball, 8LM, EV 88.1 MPH)
Top of the 4th over - 0 runs, 1 hit, 0 errors, 1 left on base; Brooklyn 0 - Mahoning Valley 0
BOTTOM OF THE 4TH
Mahoning Valley Scrappers batting - Pitching for Brooklyn Cyclones : RHP Ricardo Guzman
Batting: LHB Juan Villegas 0-0: Swinging Strike
0-1: Ball
1-1: Ball
2-1: Swinging Strike
2-2: Foul Ball, location: 7LDF
2-2: Ball
3-2: Strikes out looking
Batting: RHB Ed Donohue 0-0: Ball
1-0: Ground out 5-3 (Groundball, 56, EV 83.8 MPH)
Batting: LHB Nelson Preciado 0-0: SINGLE (Line Drive, 7S, EV 95.0 MPH)
Batting: RHB Felix Sandino 0-0: Ground out 1-3 (Groundball, 15S, EV 66.3 MPH)
Bottom of the 4th over - 0 runs, 1 hit, 0 errors, 1 left on base; Brooklyn 0 - Mahoning Valley 0
TOP OF THE 5TH
Brooklyn Cyclones batting - Pitching for Mahoning Valley Scrappers : RHP Kevin Peterson
Batting: RHB Chris Almodovar 0-0: Foul Ball, location: 2F
0-1: Ball
1-1: Ball
2-1: Fly out, F8 (Flyball, 8RXD, EV 109.4 MPH)
Batting: RHB Alberto Jasso 0-0: Foul Ball, location: 25F
0-1: Ground out 5-3 (Groundball, 56, EV 83.8 MPH)
Batting: RHB Kayden Jackson 0-0: Ball
1-0: Called Strike
1-1: Called Strike
1-2: Ball
2-2: Ball
3-2: Strikes out swinging
Top of the 5th over - 0 runs, 0 hits, 0 errors, 0 left on base; Brooklyn 0 - Mahoning Valley 0
BOTTOM OF THE 5TH
Mahoning Valley Scrappers batting - Pitching for Brooklyn Cyclones : RHP Ricardo Guzman
Batting: LHB Mark Grahn 0-0: Called Strike
0-1: Fly out, F5 (Popup, 5SF, EV 67.5 MPH)
Batting: LHB Jason Nitzel 0-0: Called Strike
0-1: Ball
1-1: Foul Ball, location: 7LMF
1-2: Ball
2-2: Ball
3-2: Strikes out swinging
Batting: RHB Nick Barry 0-0: Ball
1-0: Fly out, F7 (Flyball, 78M, EV 95.0 MPH)
Bottom of the 5th over - 0 runs, 0 hits, 0 errors, 0 left on base; Brooklyn 0 - Mahoning Valley 0
TOP OF THE 6TH
Brooklyn Cyclones batting - Pitching for Mahoning Valley Scrappers : RHP Kevin Peterson
Batting: LHB Lião Monts 0-0: Ball
1-0: Called Strike
1-1: Called Strike
1-2: Ground out 4-3 (Groundball, 4, EV 106.9 MPH)
Batting: LHB Alejandro Robles 0-0: Ball
1-0: Foul Ball, location: 2F
1-1: Called Strike
1-2: Strikes out swinging
Batting: LHB Josh Wiley 0-0: Called Strike
0-1: Ball
1-1: Ground out 4-3 (Groundball, 4, EV 91.3 MPH)
Top of the 6th over - 0 runs, 0 hits, 0 errors, 0 left on base; Brooklyn 0 - Mahoning Valley 0
BOTTOM OF THE 6TH
Mahoning Valley Scrappers batting - Pitching for Brooklyn Cyclones : RHP Ricardo Guzman
Batting: LHB Ken Stout 0-0: Ground out 4-3 (Groundball, 4, EV 106.3 MPH)
Batting: SHB Scott Durfee 0-0: Ball
1-0: Foul Ball, location: 3F
1-1: Foul Ball, location: 2F
1-2: Strikes out swinging
Batting: LHB Juan Villegas 0-0: Foul Ball, location: 25F
0-1: Foul Ball, location: 2F
0-2: Strikes out looking
Bottom of the 6th over - 0 runs, 0 hits, 0 errors, 0 left on base; Brooklyn 0 - Mahoning Valley 0
TOP OF THE 7TH
Brooklyn Cyclones batting - Pitching for Mahoning Valley Scrappers : RHP Kevin Peterson
Batting: LHB Mike McCrimmon 0-0: Ball
1-0: Ball
2-0: Called Strike
2-1: Fly out, F7 (Flyball, 7, EV 91.9 MPH)
Pitching: RHP Mike Diehl
Batting: LHB Adam Jensen 0-0: Swinging Strike
0-1: Ball
1-1: Foul Ball, location: 2F
1-2: Ball
2-2: Fly out, F7 (Flyball, 78S, EV 89.4 MPH)
Batting: SHB Mike Gayle 0-0: Called Strike
0-1: Foul Ball, location: 7LMF
0-2: Foul Ball, location: 7LDF
0-2: Ground out 1-3 (Groundball, 15S, EV 73.1 MPH)
Top of the 7th over - 0 runs, 0 hits, 0 errors, 0 left on base; Brooklyn 0 - Mahoning Valley 0
BOTTOM OF THE 7TH
Mahoning Valley Scrappers batting - Pitching for Brooklyn Cyclones : RHP Ricardo Guzman
Batting: RHB Ed Donohue 0-0: Called Strike
0-1: SINGLE (Line Drive, 6MD, EV 97.5 MPH)
Batting: LHB Nelson Preciado 0-0: Fielders Choice at 2nd, 3-6 (Groundball, 13, EV 93.1 MPH)
Batting: RHB Felix Sandino 0-0: Ball
Pickoff Throw by Catcher to First - Out!
1-0: Called Strike
1-1: Swinging Strike
1-2: DOUBLE (Flyball, 8LXD, EV 96.9 MPH)
Batting: LHB Mark Grahn 0-0: Ball
1-0: SINGLE (Line Drive, 8LS, EV 96.3 MPH)
Felix Sandino to third
Runner from 3rd tries for Home, SAFE, throw by CF to home
Batting: LHB Jason Nitzel 0-0: Ball
1-0: Swinging Strike
1-1: Ball
2-1: Ball
3-1: Called Strike
3-2: Ground out 6-3 (Groundball, 6, EV 79.4 MPH)
Bottom of the 7th over - 1 run, 3 hits, 0 errors, 1 left on base; Brooklyn 0 - Mahoning Valley 1
TOP OF THE 8TH
Brooklyn Cyclones batting - Pitching for Mahoning Valley Scrappers : RHP Mike Diehl
Pitching: RHP Will Hinton
Now in LF: David Fernandez
Pinch Hitting: LHB Rafael Gil 0-0: Called Strike
0-1: Ball
1-1: Called Strike
1-2: Strikes out swinging
Batting: RHB Alberto Jasso 0-0: Ball
1-0: Ball
2-0: Called Strike
2-1: Called Strike
2-2: Strikes out swinging
Batting: RHB Kayden Jackson 0-0: Foul Ball, location: 2F
0-1: Ball
1-1: Ball
2-1: Swinging Strike
2-2: Strikes out swinging, 2-3 out at first.
Top of the 8th over - 0 runs, 0 hits, 0 errors, 0 left on base; Brooklyn 0 - Mahoning Valley 1
BOTTOM OF THE 8TH
Mahoning Valley Scrappers batting - Pitching for Brooklyn Cyclones : RHP Ricardo Guzman
Now at SS: Edgar Abreu
Batting: RHB Nick Barry 0-0: Swinging Strike
0-1: DOUBLE (Line Drive, 7LM, EV 91.9 MPH)
Pitching: LHP Jose Ybarra
Batting: LHB Ken Stout 0-0: Foul Ball, location: 25FF
0-1: Ball
1-1: Ball
2-1: Called Strike
2-2: Strikes out swinging
Batting: SHB Scott Durfee 0-0: Intentional Walk
Batting: LHB Juan Villegas 0-0: Ground out 5-3 (Groundball, 56S, EV 90.6 MPH)
Nick Barry to third
Scott Durfee to second
Pitching: RHP Jimmy Belding
Batting: RHB Ed Donohue 0-0: Fly out, F7 (Flyball, 7, EV 90.6 MPH)
Bottom of the 8th over - 0 runs, 1 hit, 0 errors, 2 left on base; Brooklyn 0 - Mahoning Valley 1
TOP OF THE 9TH
Brooklyn Cyclones batting - Pitching for Mahoning Valley Scrappers : RHP Will Hinton
Now at 3B: Greg Halcomb
Now in RF: Adam Van Leuven
Batting: LHB Lião Monts 0-0: DOUBLE (Line Drive, 9LS, EV 93.1 MPH)
Batting: LHB Alejandro Robles 0-0: Ball
1-0: Swinging Strike
1-1: Called Strike
1-2: Foul Ball, location: 5FF
1-2: Fly out, F4 (Line Drive, 4M, EV 95.6 MPH)
Batting: LHB Josh Wiley 0-0: Foul Ball, location: 2F
0-1: Fly out, F5 (Popup, 5SF, EV 74.4 MPH)
Batting: LHB Mike McCrimmon 0-0: Called Strike
0-1: Ball
1-1: Foul Ball, location: 3F
1-2: Ball
2-2: Foul Ball, location: 7LSF
2-2: Ball
3-2: Foul Ball, location: 3FF
3-2: Foul Ball, location: 2F
3-2: Ground out U3 (Groundball, 3, EV 88.8 MPH)
Top of the 9th over - 0 runs, 1 hit, 0 errors, 1 left on base; Brooklyn 0 - Mahoning Valley 1
Monday, May 13th , 2024 - OOTP Baseball 24.11 Build 85